 Dungeon Crawl Stone Soup version 0.27-a0-1500-g450c7e4133 (webtiles) character file.

Game seed: 237796818455865869

66 Spaninq the Skirmisher (level 4, -6/49 HPs)
             Began as an Ogre Chaos Knight on July 8, 2021.
             Was a Plaything of Xom.
             Mangled by a gnoll (8 damage)
             ... on level 3 of the Dungeon.
             The game lasted 00:04:29 (1837 turns).

Spaninq the Skirmisher (Ogre Chaos Knight)          Turns: 1837, Time: 00:04:29

Health: -6/49      AC:  5    Str: 16    XL:     4   Next: 15%
Magic:  4/4        EV: 10    Int: 13    God:    Xom [*.....]
Gold:   36         SH:  0    Dex:  9    Spells: 3/3 levels left

rFire    . . .     SeeInvis .   a - +0 mace (chaos)
rCold    . . .     Faith    .   (no shield)
rNeg     . . .     Spirit   .   b - +2 robe
rPois    .         Reflect  .   (helmet restricted)
rElec    .         Harm     .   (no cloak)
rCorr    +         Rampage  .   (gloves unavailable)
Will     .....                  (boots unavailable)
Stlth    +.........             (no amulet)
HPRegen  0.16/turn              h - ring of resist corrosion
MPRegen  0.09/turn              (no ring)

@: no status effects
A: large, unfitting armour, tough skin 1
a: Renounce Religion


You were on level 3 of the Dungeon.
You worshipped Xom.
You were a special plaything of Xom.
You visited 1 branch of the dungeon, and saw 3 of its levels.

You collected 36 gold pieces.

Inventory:

Hand Weapons
 a - a +0 mace of chaos (weapon)
Armour
 b - a +2 robe (worn)
Jewellery
 h - a ring of resist corrosion (left hand)
Scrolls
 c - a scroll of enchant weapon {unknown}
 d - a scroll of magic mapping {unknown}
 e - a scroll of vulnerability {unknown}
 f - a scroll of silence {unknown}
 g - 2 scrolls of identify {unknown}
 i - 2 scrolls of noise {unknown}
 j - a scroll of teleportation {unknown}


   Skills:
 + Level 4.7 Fighting
 * Level 3.6 Maces & Flails
 + Level 2.7 Dodging


You had 3 spell levels left.
You didn't know any spells.
Your spell library contained the following spells:

 Spells                   Type           Power      Damage    Failure   Level
 Malign Gateway           Summ/Tloc      0%         N/A       100%        7
 Summon Horrible Things   Summ           0%         N/A       100%        8


Dungeon Overview and Level Annotations

Branches:
Dungeon (3/15)

Altars:


Innate Abilities, Weirdness & Mutations

You are too large for most types of armour.
You have tough skin. (AC +1)


Message History

The gnoll hits you but does no damage.
You barely miss the gnoll.
The gnoll is lightly wounded.
The gnoll hits you with a +0 flail! The gnoll closely misses you.
You closely miss the gnoll.
The gnoll is lightly wounded.
The gnoll hits you with a +0 flail.
You hit the gnoll. You burn the gnoll.
The gnoll is moderately wounded.
The gnoll hits you with a +0 flail.
You closely miss the gnoll.
The gnoll is moderately wounded.
The gnoll hits you with a +0 flail.
You hit the gnoll.
The gnoll is severely wounded.
The gnoll hits you with a +0 flail!
You closely miss the gnoll.
The gnoll is severely wounded.
The gnoll barely misses you. x2
You hit the gnoll.
You kill the gnoll!
You have reached level 4!
You completely miss the gnoll.
Xom makes a sudden noise!
You hear the tinkle of an enormous bell.
The gnoll barely misses you.
You closely miss the gnoll.
You hear Xom's maniacal laughter.
The gnoll hits you with a +0 hand axe.
You hit the white imp but do no damage. The gnoll hits you with a +0 hand axe!
* * * LOW HITPOINT WARNING * * *
The white imp hits you.
* * * LOW HITPOINT WARNING * * *
The white imp freezes you.
* * * LOW HITPOINT WARNING * * *
You hit the white imp.
The white imp flickers and vanishes!
Deactivating autopickup; reactivate with Ctrl-A.
Xom is mildly amused.
The gnoll hits you with a +0 hand axe!
You die...
Xom thinks this is hilarious!

############## .............#
.............# #............#
### .............# #(#
#..........#######.#
##........ggg@{5..>#
#.........B#####.###
.............#####'##########
#............##.............#
.............##.............#
.............##.............#
.............##.............#
..........)..##.............#
####'#############'##########


You could see an iron imp (summoned), 3 gnolls and a giant cockroach.

Vanquished Creatures
  A gnoll (D:3)
  An adder (D:2)
  A worm (D:2)
  An orc (D:3)
  4 ball pythons
  4 endoplasms
  A giant cockroach (D:3)
  5 goblins
  4 hobgoblins
  3 jackals (D:1)
  2 quokkas (D:2)
  3 bats (D:2)
  2 frilled lizards (D:1)
  6 kobolds
  5 rats
43 creatures vanquished.

Notes
Turn   | Place    | Note
-------+----------+-------------------------------------------
     0 | D:1      | Spaninq the Ogre Chaos Knight began the quest for the Orb.
     0 | D:1      | Reached XP level 1. HP: 24/24 MP: 1/1
   211 | D:1      | Reached XP level 2. HP: 31/32 MP: 2/2
   251 | D:1      | XOM: divination: magic mapping
   836 | D:1      | XOM is BORED!
   836 | D:1      | XOM: silly message
   905 | D:2      | Reached XP level 3. HP: 35/40 MP: 3/3
  1005 | D:2      | XOM: cloud trail
  1493 | D:2      | XOM: 3-stop teleportation journey
  1770 | D:3      | XOM: polymorph hobgoblin -> orc
  1784 | D:3      | Found a faded altar of an unknown god.
  1834 | D:3      | Reached XP level 4. HP: 17/49 MP: 4/4
  1834 | D:3      | XOM: noise
  1835 | D:3      | XOM: summons 2 hostile demons
  1836 | D:3      | HP: 1/49 [white imp[Xom] (5)]
  1837 | D:3      | Mangled by a gnoll

Illustrated notes

Levels and vault maps discovered:
D:1:      shiori_arrival_maze, layout_loops_ring, chequers_serial_rivers_small_3
D:2:      minmay_chambers_of_ones, layout_basic, feat_on_display
D:3:      layout_basic, okawaru_ov_weapons_minmay, basic_ecumenical_altar

Skill      XL: |  1  2 |
---------------+-------+-----
Maces & Flails | 3 |  3.6
Fighting       | |  4.7
Dodging        | |  2.7

Action                   |  1- 3 |  4- 6 || total
-------------------------+-------+-------++-------
Melee: Mace              |   118 |     4 ||   122
 Stab: Confused          |     1 |       ||     1
Armor: Robe              |    54 |       ||    54
Dodge: Dodged            |    67 |     1 ||    68

Table legend: (Time is in decaauts)
 A = Elapsed time spent in this place.
 B = Non-inter-level travel time spent in this place.
 C = Inter-level travel time spent in this place.
 D = Time resting spent in this place.
 E = Time spent auto-exploring this place.
 F = Levels seen in this place.
 G = Mean time per level.
                   A        B        C        D        E       F      G
               +--------+--------+--------+--------+--------+-----+--------+
         Total |   1870 |   1813 |     57 |      0 |   1441 |   3 |  623.3 |
       Dungeon |   1870 |   1813 |     57 |      0 |   1441 |   3 |  623.3 |
               +--------+--------+--------+--------+--------+-----+--------+

Top non-repeatable levels by time:
     D:1: 906 daAuts
     D:2: 872 daAuts
     D:3: 92 daAuts
